 Dungeon Crawl Stone Soup version 0.31-a0-277-g31ea1f65cc (webtiles) character file.

Game seed: 4998014342214372668

3 Ceno the Changeling (level 1, 14/14 HPs)
             Began as an Octopode Shapeshifter on July 16, 2023.
             Quit the game on level 1 of the Dungeon.
             The game lasted 00:02:36 (219 turns).

Ceno the Changeling (Octopode Shapeshifter)          Turns: 219, Time: 00:02:36

Health: 14/14      AC:  1    Str: 14    XL:     1   Next: 50%
Magic:  1/1        EV: 13    Int: 10    God:
Gold:   16         SH:  0    Dex: 12    Spells: 0/0 levels left

rFire   . .          .
                       - Unarmed
rCold   . . .        (no shield)
rNeg    . . .        (helmet currently unavailable)
rPois   .            (no amulet)
rElec   .            (no ring)
rCorr   .            (no ring)
SInv    .            (no ring)
Will    .....        (no ring)
Stlth   ++           (no ring)
HPRegen 0.22/turn    (no ring)
MPRegen 0.07/turn    (no ring)
                     (no ring)

%: no passive effects
@: beast-form
A: beast (slay +2), almost no armour, amphibious, 8 rings, camouflage 1,
gelatinous body 1, (nimble swimmer 1), tentacles
a: Begin Untransformation


You were on level 1 of the Dungeon.
You were a hulking beast.
You visited 1 branch of the dungeon, and saw 1 of its levels.

You collected 16 gold pieces.

Inventory:

Missiles
 d - 5 stones
Jewellery
 e - an amulet of faith
Talismans
 b - a beast talisman
Scrolls
 c - a scroll of teleportation {unknown}
Potions
 a - a potion of lignification


   Skills:
 + Level 2.0 Fighting
 + Level 2.0 Dodging
 + Level 2.1 Unarmed Combat
 + Level 3.0 Shapeshifting


You couldn't memorise any spells.
You didn't know any spells.
Your spell library was empty.

Dungeon Overview and Level Annotations

Branches:
Dungeon (1/15)

Altars:


Innate Abilities, Weirdness & Mutations

You are a hulking beast.
Your limbs bulge with bestial killing power. (Slay +2)
You cannot wear most types of armour.
You are amphibious.
You can wear up to eight rings at the same time.
Your skin changes colour to match your surroundings (Stealth+).
Your rubbery body absorbs attacks. (AC +1, EV +1)
((You are camouflaged when in or above water. (Stealth+)))
You have tentacles for arms and can constrict up to eight enemies at once.


Message History

Press: ? - help, Dir - move target, f - you
Okay, then.
You begin transforming.
You continue transforming. x3
You turn into a hulking beast.
The ball python hisses angrily.
You barely miss the ball python. Your grab misses the ball python.
The ball python barely misses you. The ball python misses you.
You tentacle-slap the ball python. Your grab misses the ball python.
The ball python is heavily wounded.
The ball python bites you. The ball python grabs you.
The ball python constricts you.
You closely miss the ball python. Your grab misses the ball python.
The ball python is heavily wounded.
The ball python bites you. The ball python constricts you.
The ball python barely misses you. The ball python constricts you.
You are too injured to fight recklessly!
You are too injured to fight recklessly!
You closely miss the ball python. Your grab misses the ball python.
The ball python is heavily wounded.
The ball python bites you. The ball python constricts you.
You tentacle-slap the ball python.
You kill the ball python!
The helpless rat fails to defend itself.
You tentacle-slap the rat.
You kill the rat!
You open the door.
There is an open door here.
HP restored.
There is an open door here.
You now have 16 gold pieces (gained 3).
You open the door.
There is an open door here.
Found a stone staircase leading down.
There is a stone staircase leading down here.
e - an amulet of faith
Okay, then.
Saving game... please wait.
Welcome back, Ceno the Octopode Shapeshifter.
Press ? for a list of commands and other information.
Are you sure you want to abandon this character and quit the game? (Confirm with "yes".)

##### #...# #...#
#######
########...#####.....###
.......h......>........#
#.######...###.#.....#.#
#...# #.#.....#.# #...#
#.#.....#.#
#...###.#.....#.#
#.............#'#
#................
.#................
..................


There were no monsters in sight!

Vanquished Creatures
  A ball python (D:1)
  A giant cockroach (D:1)
  A rat (D:1)
3 creatures vanquished.

Notes
Turn   | Place    | Note
-------+----------+-------------------------------------------
     0 | D:1      | Ceno the Octopode Shapeshifter began the quest for the Orb.
     0 | D:1      | Reached XP level 1. HP: 14/14 MP: 1/1
   219 | D:1      | Quit the game

Illustrated notes

Levels and vault maps discovered:
D:1:      dpeg_arrival_round_a, layout_basic,
          dilly_ecumenical_altar_fadedgnrine, minmay_stone_trees_medium,
          amcnicky_mini_rare_corridor_liquid

Action                     || total
---------------------------++-------
  Melee: Unarmed           ||     9
         Constrict         ||     1
         Punch             ||     1
   Stab: Sleeping          ||     1
 Armour: Skin              ||     1
  Dodge: Dodged            ||     6
         Form:             ||     2
         Beast             ||     2

Table legend: (Time is in decaauts)
 A = Elapsed time spent in this place.
 B = Non-inter-level travel time spent in this place.
 C = Inter-level travel time spent in this place.
 D = Time resting spent in this place.
 E = Time spent auto-exploring this place.
 F = Levels seen in this place.
 G = Mean time per level.
                   A        B        C        D        E       F      G
               +--------+--------+--------+--------+--------+-----+--------+
         Total |    218 |    218 |      0 |      0 |    118 |   1 |  218.0 |
       Dungeon |    218 |    218 |      0 |      0 |    118 |   1 |  218.0 |
               +--------+--------+--------+--------+--------+-----+--------+

Top non-repeatable levels by time:
     D:1: 218 daAuts
